 Dungeon Crawl Stone Soup version 0.26.0-20-g3ca415f5b8 (webtiles) character file.

Game seed: 733830314904144034

649 kaeus the Changer (level 7, -2/69 HPs)
             Began as an Octopode Transmuter on Jan 25, 2021.
             Succumbed to a gnoll sergeant's poison
             ... on level 3 of the Dungeon.
             The game lasted 00:07:41 (4873 turns).

kaeus the Changer (Octopode Transmuter)             Turns: 4873, Time: 00:07:42

Health: -2/69      AC: 23    Str: 10    XL:     7   Next: 53%
Magic:  10/11      EV:  2    Int: 15    God:
Gold:   154        SH:  0    Dex: 14    Spells: 11/12 levels left

rFire    . . .     SeeInvis .   k - +1 hand axe
rCold    . . .     Faith    .   (no shield)
rNeg     + + +     Spirit   .   (helmet currently unavailable)
rPois    +         Reflect  .   d - amulet of regeneration
rElec    .         Harm     .   f - +4 ring of evasion
rCorr    .         Rampage  .   (no ring)
Will     .....     NoTele   +   (no ring)
Stlth    +++.......             (no ring)
HPRegen  0.61/turn              (no ring)
MPRegen  0.12/turn              (no ring)
                                (no ring)
                                (no ring)

@: lethally poisoned (-2 -> -38), tree-form, very slow
A: almost no armour, stealthy swim, (amphibious), 8 rings, (constrict 8)
a: no special abilities


You were on level 3 of the Dungeon.
You were a tree.
You visited 1 branch of the dungeon, and saw 3 of its levels.
You also visited: Sewer.

You collected 154 gold pieces.

Inventory:

Hand Weapons
 a - a +0 dagger
 k - a +1 hand axe (weapon)
Jewellery
 d - an amulet of regeneration (around neck)
 f - a +4 ring of evasion (left branch)
 r - an uncursed ring of poison resistance
Wands
 m - a wand of polymorph (21)
Scrolls
 b - a scroll of fear {unknown}
 e - a scroll of immolation
 g - 4 scrolls of identify
 j - a scroll of enchant armour
 n - a scroll of blinking {unknown}
 o - 3 scrolls of teleportation
Potions
 c - a potion of attraction {unknown}
 i - a potion of ambrosia {unknown}
 l - a potion of invisibility {unknown}
 p - a potion of mutation {unknown}


   Skills:
 + Level 3.0 Fighting
 + Level 3.5 Dodging
 + Level 3.7 Stealth
 + Level 4.1 Unarmed Combat
 + Level 3.2 Spellcasting
 * Level 4.8 Transmutations


You had 11 spell levels left.
You knew the following spells:

 Your Spells              Type           Power        Failure   Level
a - Beastly Appendage     Tmut           32%          2%          1

Your spell library contained the following spells:

 Spells                   Type           Power        Failure   Level
 Wereblood                Tmut           16%          4%          2
 Spider Form              Tmut/Pois      4%           22%         3
 Ice Form                 Ice/Tmut       9%           58%         4
 Blade Hands              Tmut           8%           58%         5


Dungeon Overview and Level Annotations

Branches:
Dungeon (3/15)              Sewer (visited)

Altars:


Innate Abilities, Weirdness & Mutations

You cannot wear most types of armour.
You are very stealthy in the water. (Stealth+)
((You are amphibious.))
You can wear up to eight rings at the same time.
((You can use your tentacles to constrict eight enemies at once.))
((Your skin changes colour to match your surroundings (Stealth+).))
((Your rubbery body absorbs attacks. (AC +1, EV +1)))


Message History

You feel very sick. The gnoll sergeant closely misses you.
The gnoll sergeant hits you with a +0 spear of venom!
You are more poisoned.
You take 11 damage, and have 15/46 hp.
MASSIVE DAMAGE!!
You hit the gnoll sergeant but do no damage.
You pierce the gnoll sergeant, but do no damage.
The gnoll sergeant is heavily wounded.
You constrict the gnoll sergeant.
* * * LOW HITPOINT WARNING * * *
You feel very sick.
The gnoll sergeant hits you with a +0 spear of venom!
* * * LOW HITPOINT WARNING * * *
You are more poisoned.
You take 14 damage, and have 1/46 hp.
MASSIVE DAMAGE!!
It was a potion of lignification.
Your tentacle spike disappears.
You turn into a tree.
Your roots penetrate the ground.
You lose your grip on the gnoll sergeant.
You die...

........##.##...#########..#
..#####......[..# ##..
#.........# ##. .
########......>..# ##. ..
.......#.........# ##.. .##
#............######### #..#
.#
#.......#####.........####.##
#...#........g............).)
#.. #....≈≈≈♣≈†≈≈≈≈≈≈≈≈≈≈≈≈≈.
# #....≈≈≈≈≈≈≈≈≈≈≈≈≈≈≈≈≈≈≈.
#....≈≈#####≈≈≈≈≈≈≈≈≈≈≈≈.
#....≈≈#...#....(........
#....≈≈#...#############'
#...P≈≈###'# ......#)
#....≈≈≈.#.' ......'.
#....≈≈≈.#.#. ......#.
#....≈≈≈.#.## ########


You could see a gnoll sergeant.

Vanquished Creatures
  Crazy Yiuf (D:2)
  Natasha (thrice) (D:2)
  10 adders
  29 gnolls (D:3)
  4 oozes (Sewer)
  6 dart slugs
  15 leopard geckos
  8 bats
  14 giant cockroaches
  12 goblins
  5 hobgoblins
  14 jackals (D:3)
  8 kobolds
  9 ball pythons
  11 frilled lizards
  8 rats
157 creatures vanquished.

Vanquished Creatures (others)
  2 plants (D:3)
2 creatures vanquished.

Grand Total: 159 creatures vanquished

Notes
Turn   | Place    | Note
-------+----------+-------------------------------------------
     0 | D:1      | kaeus the Octopode Transmuter began the quest for the Orb.
     0 | D:1      | Reached XP level 1. HP: 13/13 MP: 3/3
    98 | D:1      | Reached XP level 2. HP: 10/18 MP: 3/5
   904 | D:1      | Reached XP level 3. HP: 23/23 MP: 4/6
   964 | D:1      | Reached skill level 1 in Stealth
  1907 | D:2      | Reached XP level 4. HP: 20/28 MP: 5/7
  2265 | D:2      | Found a runed translucent door.
  2266 | D:2      | Noticed Crazy Yiuf
  2455 | D:2      | Noticed Natasha
  2462 | D:2      | Killed Natasha
  2463 | D:2      | Reached XP level 5. HP: 34/34 MP: 6/8
  2676 | D:2      | Killed Crazy Yiuf
  2832 | D:2      | Noticed Natasha
  2836 | D:2      | Killed Natasha
  3454 | D:2      | Noticed Natasha
  3472 | D:2      | Killed Natasha
  3671 | D:3      | Reached XP level 6. HP: 39/39 MP: 7/9
  3719 | D:3      | Found a glowing drain.
  3727 | Sewer    | Entered a sewer
  4346 | D:3      | Reached XP level 7. HP: 33/45 MP: 11/11
  4763 | D:3      | HP: 1/46 [poisoned by a gnoll sergeant]
  4872 | D:3      | HP: 1/46 [gnoll sergeant/+0 spear of venom (10)]
  4873 | D:3      | Succumbed to a gnoll sergeant's poison

Illustrated notes

Levels and vault maps discovered:
D:1:      lightli_arrival_boilingwater, layout_basic
D:2:      layout_basic, uniq_natasha, uniq_crazy_yiuf_cottage
D:3:      lemuel_castle_with_subvaults [lemuel_castle_interior_carwin_1],
          layout_rooms, gup_sewer_entry_pipe

Skill      XL: |  1  2  3  4  5  6  7 |
---------------+----------------------+-----
Stealth        | 1 2 3 |  3.7
Transmutations | 3 4 |  4.8
Fighting       | 2 3 |  3.0
Dodging        | 3 |  3.5
Spellcasting   | 3 |  3.2
Unarmed Combat | 4 |  4.1

Action                   |  1- 3 |  4- 6 |  7- 9 || total
-------------------------+-------+-------+-------++-------
Melee: Unarmed           |     9 |       |       ||     9
       Dagger            |    78 |     4 |       ||    82
       Constrict         |    29 |    51 |    24 ||   104
       Tentacles         |    10 |    27 |    13 ||    50
       Kick              |    15 |    24 |     7 ||    46
       Punch             |     1 |     2 |     4 ||     7
       Hand axe          |       |   182 |    69 ||   251
 Cast: Beastly Appendage |    27 |    33 |     3 ||    63
  Use: Scroll            |       |     5 |       ||     5
       Potion            |       |       |     2 ||     2
 Stab: Sleeping          |     8 |    16 |       ||    24
Armor: Skin              |     7 |    11 |       ||    18
Dodge: Dodged            |    62 |   192 |    76 ||   330
